 Dungeon Crawl Stone Soup version 0.28-a0-1312-g71652a0310 (webtiles) character file.

Game seed: 11104469210459674040

30230 nicanaca0 the Brawler (level 13, -8/135 HPs)
             Began as a Troll Hunter on Dec 27, 2021.
             Was an Initiate of Gozag.
             Mangled by a six-headed hydra (12 damage)
             ... on level 4 of the Lair of Beasts.
             The game lasted 00:38:36 (14289 turns).

nicanaca0 the Brawler (Troll Hunter)               Turns: 14289, Time: 00:38:37

Health: -8/135     AC: 10    Str: 23    XL:     13   Next: 19%
Magic:  12/12      EV: 16    Int: 13    God:    Gozag
Gold:   3052       SH:  5    Dex: 12    Spells: 12/12 levels left

rFire   + . .      SeeInvis .   a - +2 giant spiked club (freeze)
rCold   . . .      Faith    .   (shield currently unavailable)
rNeg    . . .      Spirit   .   H - +2 robe {rF+}
rPois   +          Reflect  +   t - +1 hat of Teewk {rPois rCorr Int+4}
rElec   .          Harm     .   g - +2 cloak
rCorr   +          Rampage  .   (gloves unavailable)
Will    .....                   (boots unavailable)
Stlth   +.........              M - amulet of reflection
HPRegen 1.12/turn               I - +4 ring of evasion
MPRegen 0.13/turn               B - +4 ring of slaying

@: about to teleport, slowed, very slow
A: large, unfitting armour, claws 3, regeneration 1, shaggy fur 1, tough skin 1
a: Renounce Religion, Potion Petition, Call Merchant, Bribe Branch


You were on level 4 of the Lair of Beasts.
You worshipped Gozag.
Gozag was most pleased with you.
You visited 3 branches of the dungeon, and saw 17 of its levels.
You also visited: Sewer.

You collected 3248 gold pieces.
You spent 95 gold pieces at shops.
You paid 101 gold pieces to Gozag.

Inventory:

Hand Weapons
 a - a +2 giant spiked club of freezing (weapon)
 V - a +0 hunting sling
Missiles
 c - 12 large rocks (quivered)
 d - a throwing net
 f - 467 stones
 q - 118 sling bullets
 E - 33 poisoned darts
Armour
 b - a +2 hat
 g - a +2 cloak (worn)
 t - the +1 hat of Teewk (worn) {rPois rCorr Int+4}
   (You found it on level 7 of the Dungeon)

   Int:       It affects your intelligence (+4).
   rPois:     It protects you from poison.
   rCorr:     It protects you from acid and corrosion.
 H - a +2 robe of fire resistance (worn)
 W - a +2 robe of cold resistance
Jewellery
 i - a ring of resist corrosion
 n - a ring of positive energy
 B - a +4 ring of slaying (right claw)
 I - a +4 ring of evasion (left claw)
 M - an amulet of reflection (around neck)
 O - a ring of protection from fire
 S - the amulet of the Crown {Reflect rElec Int+3 Slay-4 SH+5}
   (You found it on level 2 of the Lair of Beasts)

   [amulet of reflection]

   It reflects blocked missile attacks.
   Int:       It affects your intelligence (+3).
   Slay:      It affects your accuracy & damage with ranged weapons and melee
   (-4).
   rElec:     It insulates you from electricity.
   SH:        It affects your SH (+5).
Wands
 k - a wand of flame (12)
 o - a wand of iceblast (10)
 r - a wand of acid (10)
 G - a wand of digging (3)
 J - a wand of charming (4)
 K - a wand of mindburst (4)
 Q - a wand of paralysis (5)
Scrolls
 v - 2 scrolls of holy word
 y - 2 scrolls of magic mapping
 A - 4 scrolls of silence
 C - 3 scrolls of immolation
 D - 9 scrolls of teleportation {@r2}
 F - 2 scrolls of fear
 R - a scroll of torment
 T - a scroll of fog
Potions
 e - 4 potions of flight
 j - 5 potions of heal wounds {@q2}
 l - 4 potions of haste
 m - 3 potions of mutation
 p - a potion of degeneration
 s - 3 potions of lignification
 u - 3 potions of resistance
 w - a potion of attraction
 x - 6 potions of curing {@q1}
 z - 2 potions of cancellation
 L - a potion of invisibility {unknown}


   Skills:
 + Level 10.7 Fighting
 + Level 6.8 Throwing
 + Level 7.9 Dodging
 - Level 0.3 Stealth
 + Level 15.3 Unarmed Combat


You had 12 spell levels left.
You didn't know any spells.
Your spell library contained the following spells:

 Spells                   Type           Power      Damage    Failure   Level
 Summon Small Mammal      Summ           0%         N/A       30%         1
 Call Canine Familiar     Summ           0%         N/A       67%         3
 Summon Guardian Golem    Hex/Summ       0%         N/A       67%         3


Dungeon Overview and Level Annotations

Branches:
Dungeon (12/15)            Temple (1/1) D:6            Lair (4/6) D:11
  Swamp (0/4) Lair:4       Spider (0/4) Lair:3          Orc (0/2) D:10
  Sewer (visited)

Altars:
Ashenzari
Cheibriados
Dithmenos
Elyvilon
Fedhas
Gozag
Hepliaklqana
Kikubaaqudgha
Makhleb
Nemelex Xobeh
Okawaru
Qazlal
Ru
Sif Muna
Trog
Uskayaw
Vehumet
Wu Jian
Xom
Zin
The Shining One

Shops:
D:2 !   D:4 ?   D:5 (

Annotations:
Lair:3 1 runed translucent door, Ericske's ghost, journeyman DrAE


Innate Abilities, Weirdness & Mutations

You are too large for most types of armour.
You have claws for hands.
Your natural rate of healing is unusually fast.
You are covered in fur. (AC +1)
You have tough skin. (AC +1)


Message History

The six-headed hydra bites you.
* * * LOW HITPOINT WARNING * * *
The six-headed hydra closely misses you.
The six-headed hydra bites you!
* * * LOW HITPOINT WARNING * * *
The six-headed hydra bites you.
* * * LOW HITPOINT WARNING * * *
The torpor snail completely misses you.
You feel much better.
The six-headed hydra closely misses you.
The six-headed hydra bites you but does no damage. x2
The six-headed hydra bites you.
* * * LOW HITPOINT WARNING * * *
The six-headed hydra bites you!
* * * LOW HITPOINT WARNING * * *
You block the six-headed hydra's attack.
The torpor snail bites you.
* * * LOW HITPOINT WARNING * * *
You feel yourself speed up.
The six-headed hydra is no longer covered in acid.
Being near the torpor snail leaves you feeling lethargic.
You block the six-headed hydra's attack.
The six-headed hydra bites you but does no damage.
The six-headed hydra bites you.
* * * LOW HITPOINT WARNING * * *
The six-headed hydra bites you.
* * * LOW HITPOINT WARNING * * *
The six-headed hydra bites you.
* * * LOW HITPOINT WARNING * * *
The six-headed hydra bites you!
* * * LOW HITPOINT WARNING * * *
As you read the scroll of teleportation {@r2}, it crumbles to dust.
You feel strangely unstable. The six-headed hydra misses you.
You block the six-headed hydra's attack.
The six-headed hydra bites you.
* * * LOW HITPOINT WARNING * * *
The six-headed hydra bites you but does no damage.
The six-headed hydra bites you!
You die...
Your body crumbles into a pile of gold.

..##
###.##.#....##.. .##
#...#.#......... ##
##.......##P#####
##......#.####
###.#.....### #####
#.......#..#####.##.
#..........#P...#...
##.###..............
#..@###.............
####D##.............
#.w###....###.....
#...!#..P### ####..
#### ##...#..## ##.
.#.### .)#.#### ###.
...(.# #}. .# ##..#
##...##### #####. ##
####....
#..#...#.###...##
##.......


You could see a six-headed hydra and a torpor snail.

Vanquished Creatures
  A boulder beetle (D:11)
  2 hydras (Lair:3)
  A two-headed ogre (D:11)
  5 death yaks (Lair:4)
  Nergalle (Lair:2)
  4 bog bodies (Lair:4)
  An orb spider (Lair:3)
  A cyclops (D:9)
  12 elephants (Lair:4)
  Maurice (D:11)
  A gargoyle (D:10)
  An unseen horror (D:11)
  6 cane toads
  4 komodo dragons
  A troll (D:11)
  Prince Ribbit (D:8)
  3 shadows
  32 yaks
  3 wyverns
  A basilisk (Lair:3)
  Grum (D:11)
  Menkaure (D:5)
  A steam dragon (D:8)
  12 water moccasins
  A black bear (Lair:2)
  7 orc warriors
  2 ice beasts
  2 necrophages
  3 ogres (D:4)
  12 wolves
  3 centaurs
  A phantom (D:7)
  3 kobold brigands
  11 bullfrogs
  A gnoll sergeant (D:8)
  6 killer bees (D:9)
  9 wights
  5 electric eels
  A centaur zombie (D:8)
  8 hounds
  8 orc priests
  2 gnoll shamans
  A centaur skeleton (D:6)
  Ijyb (D:5)
  10 hell rats
  6 iguanas
  14 orc wizards
  A killer bee zombie (D:8)
  A howler monkey zombie (D:10)
  10 adders
  20 gnolls
  A howler monkey skeleton (D:6)
  A river rat (Sewer)
  A white imp (D:7)
  2 ufetubi
  2 worms
  4 dart slugs
  27 orcs
  10 ball pythons
  8 bats
  3 endoplasms
  6 giant cockroaches
  6 hobgoblins
  3 jackals (D:1)
  3 quokkas
  4 frilled lizards
  10 goblins
  24 kobolds
  11 rats
372 creatures vanquished.

Vanquished Creatures (others)
  A yak (Lair:3)
  2 orc wizards
  6 fungi
  8 plants
17 creatures vanquished.

Grand Total: 389 creatures vanquished

Notes
Turn   | Place    | Note
-------+----------+-------------------------------------------
     0 | D:1      | nicanaca0 the Troll Hunter began the quest for the Orb.
     0 | D:1      | Reached XP level 1. HP: 19/19 MP: 0/0
    48 | D:1      | Reached skill level 1 in Unarmed Combat
    62 | D:1      | Reached XP level 2. HP: 27/27 MP: 1/1
   190 | D:1      | Reached skill level 2 in Unarmed Combat
   313 | D:1      | Reached XP level 3. HP: 33/33 MP: 2/2
   440 | D:1      | Found a faded altar of an unknown god.
   673 | D:1      | Reached skill level 3 in Unarmed Combat
  1101 | D:2      | Found Ratapn's Distillery.
  1107 | D:2      | Bought a potion of heal wounds for 55 gold pieces
  1544 | D:3      | Reached XP level 4. HP: 34/41 MP: 3/3
  1816 | D:3      | Reached skill level 4 in Unarmed Combat
  2034 | D:3      | You fall into a shaft and drop 3 floors!
  2038 | D:5      | Entered Level 5 of the Dungeon
  2103 | D:5      | Found a glowing drain.
  2110 | D:5      | Noticed Ijyb
  2112 | D:5      | Noticed a centaur
  2115 | Sewer    | Entered a sewer
  2427 | Sewer    | Reached XP level 5. HP: 45/48 MP: 4/4
  2551 | D:5      | Noticed an ice beast
  2564 | D:4      | Killed an ice beast
  2565 | D:4      | Reached skill level 5 in Unarmed Combat
  2630 | D:4      | Noticed an ogre
  2636 | D:4      | Killed an ogre
  2637 | D:4      | Reached skill level 6 in Unarmed Combat
  2637 | D:4      | Reached XP level 6. HP: 55/55 MP: 5/5
  3055 | D:4      | Reached skill level 7 in Unarmed Combat
  3055 | D:4      | Reached XP level 7. HP: 39/63 MP: 6/6
  3313 | D:4      | Found Caywupa's Magic Scroll Shop.
  3316 | D:4      | Bought a scroll of identify for 20 gold pieces
  3316 | D:4      | Bought a scroll of identify for 20 gold pieces
  4068 | D:5      | Killed Ijyb
  4125 | D:5      | Reached skill level 5 in Throwing
  4125 | D:5      | Reached skill level 8 in Unarmed Combat
  4125 | D:5      | Reached XP level 8. HP: 74/74 MP: 7/7
  4296 | D:5      | Found Juedgh's Antique Weapon Emporium.
  4336 | D:5      | Noticed Menkaure
  4340 | D:5      | Killed Menkaure
  4860 | D:6      | Found an ancient bone altar of Kikubaaqudgha.
  4955 | D:6      | Reached skill level 9 in Unarmed Combat
  5064 | D:6      | Found a staircase to the Ecumenical Temple.
  5133 | Temple   | Entered the Ecumenical Temple
  5201 | Temple   | Became a worshipper of Gozag Ym Sagoz the Greedy
  5768 | D:7      | Reached XP level 9. HP: 84/84 MP: 8/8
  5912 | D:7      | Found a hazy altar of Hepliaklqana.
  5912 | D:7      | Found a shimmering altar of Xom.
  5913 | D:7      | Found a sacrificial altar of Ru.
  5998 | D:7      | Identified the +1 hat of Teewk {rPois rCorr Int+4}
  6195 | D:8      | Reached skill level 10 in Unarmed Combat
  6269 | D:8      | Noticed Prince Ribbit
  6277 | D:8      | Killed Prince Ribbit
  6278 | D:8      | Reached skill level 5 in Fighting
  6417 | D:8      | Found a blossoming altar of Fedhas.
  6789 | D:8      | Found an ornate altar of the Wu Jian Council.
  6792 | D:8      | Found a broken altar of Ashenzari.
  6796 | D:8      | Found a shimmering blue altar of Sif Muna.
  6815 | D:8      | Found a glowing silver altar of Zin.
  6820 | D:8      | Found a stormy altar of Qazlal.
  6841 | D:8      | Found an iron altar of Okawaru.
  6849 | D:8      | Found a shadowy altar of Dithmenos.
  6891 | D:9      | Noticed a cyclops
  6895 | D:9      | Killed a cyclops
  7130 | D:9      | Reached XP level 10. HP: 98/98 MP: 9/9
  7325 | D:9      | Reached skill level 11 in Unarmed Combat
  7593 | D:10     | Entered Level 10 of the Dungeon
  7819 | D:10     | Noticed a gargoyle
  7831 | D:10     | Killed a gargoyle
  8555 | D:10     | Found a staircase to the Orcish Mines.
  8772 | D:11     | Noticed Grum
  8799 | D:10     | Reached skill level 12 in Unarmed Combat
  8858 | D:11     | Killed Grum
  8898 | D:11     | Noticed a boulder beetle
  8908 | D:11     | Killed a boulder beetle
  8958 | D:11     | Reached XP level 11. HP: 111/111 MP: 10/10
  9051 | D:11     | Noticed a two-headed ogre
  9228 | D:11     | Reached skill level 5 in Dodging
  9233 | D:11     | Found a staircase to the Lair.
  9464 | D:11     | Killed a two-headed ogre
  9532 | D:11     | Noticed Maurice
  9571 | D:11     | Killed Maurice
  9572 | D:11     | Reached skill level 13 in Unarmed Combat
  9930 | Lair:1   | Entered Level 1 of the Lair of Beasts
 11031 | Lair:2   | Identified the amulet of the Crown {Reflect rElec Int+3
                  | Slay-4 SH+5}
 11347 | Lair:2   | Reached skill level 14 in Unarmed Combat
 11387 | Lair:2   | Identified the +6 dagger of the New World {flame, rCorr
                  | Str-3 Int+4 Dex-2}
 11751 | Lair:3   | Noticed a four-headed hydra
 11758 | Lair:3   | Reached XP level 12. HP: 98/123 MP: 11/11
 11762 | Lair:3   | Noticed Nergalle
 11764 | Lair:3   | Killed a four-headed hydra
 11842 | Lair:2   | Killed Nergalle
 12149 | Lair:3   | Noticed a four-headed hydra
 12248 | Lair:3   | Found a hole to the Spider Nest.
 12304 | Lair:3   | Found a runed translucent door.
 12334 | Lair:3   | Killed a four-headed hydra
 12476 | Lair:3   | Noticed Ericske's ghost (journeyman DrAE)
 13019 | Lair:4   | Found a runed translucent door.
 13021 | Lair:4   | Noticed a six-headed hydra
 13090 | Lair:4   | Reached skill level 10 in Fighting
 13320 | Lair:4   | Noticed a death yak
 13320 | Lair:4   | Noticed a death yak
 13322 | Lair:4   | Noticed a death yak
 13350 | Lair:4   | Killed a death yak
 13351 | Lair:4   | Reached skill level 15 in Unarmed Combat
 13352 | Lair:4   | Noticed a death yak
 13355 | Lair:4   | Killed a death yak
 13356 | Lair:4   | Noticed a death yak
 13368 | Lair:4   | Killed a death yak
 13373 | Lair:4   | Killed a death yak
 13385 | Lair:4   | Killed a death yak
 13550 | Lair:4   | Reached XP level 13. HP: 135/135 MP: 12/12
 13839 | Lair:4   | Found a staircase to the Swamp.
 14288 | Lair:4   | HP: 5/135 [six-headed hydra (8)]
 14289 | Lair:4   | Mangled by a six-headed hydra

Illustrated notes

Levels and vault maps discovered:
D:1:      nagdon_arrival_zigzag_paths, layout_basic,
          chequers_ecumenical_altar_island
D:2:      layout_loops_cross, serial_shops, nicolae_shop_trees
D:3:      layout_basic
D:4:      layout_cave_pods, serial_shops, kennysheep_mini_moat
D:5:      layout_loops_cross, portal_sewer_entry_a, serial_shops,
          nicolae_shop_crystal, grunt_decor_fettered, uniq_ijyb, uniq_menkaure
D:6:      layout_gridville, mainiacjoe_overflow_small_starburst,
          minmay_temple_entry_enclosed_plants,
          amcnicky_mini_rare_corridor_liquid
D:7:      layout_rooms, gammafunk_temple_overflow_claw, serial_undead,
          serial_undead_f, serial_undead_d, serial_undead_c, serial_undead_d
D:8:      nicolae_cairo_tiling, layout_rooms, fedhas_altar_3,
          grunt_temple_overflow_octagram, uniq_prince_ribbit1
D:9:      layout_small_grid, dk_yredelemnul_ordeal
D:10:     layout_roguey, david_orc_4, hex_medium, nrook_pool_corridor
D:11:     layout_loops_cross, erik_lair_island, uniq_maurice, uniq_grum
D:12:     layout_irregular_city, uniq_urug
Temple:   dpeg_three_leaves_temple
Lair:1:   layout_cave_pods
Lair:2:   layout_gridlike
Lair:3:   layout_regular_city, nicolae_spider_entry_orb_guardian,
          ebering_ghost_reflecting_pool, uniq_nergalle
Lair:4:   layout_layer_cave, nicolae_swamp_entry_splash_gauntlet,
          pf_torpor_hydra, lemuel_fruit_fields, lemuel_fruit_fields

Skill      XL: |  1  2  3  4  5  6  7  8  9 10 11 12 |
---------------+-------------------------------------+-----
Unarmed Combat | 1 2 3 4 6 7 8 9 10 12 14 15 | 15.3
Throwing       | 4 5 6 |  6.8
Fighting       | 2 4 6 7 9 10 | 10.7
Dodging        | 3 4 5 7 |  7.9
Stealth        | |  0.3

Action                   |  1- 3 |  4- 6 |  7- 9 | 10-12 | 13-15 || total
-------------------------+-------+-------+-------+-------+-------++-------
Melee: Unarmed           |    96 |    79 |   144 |   397 |    34 ||   750
       Punch             |     1 |     1 |    10 |    29 |     4 ||    45
       Giant spiked club |       |       |       |    11 |     1 ||    12
Throw: Large rock        |     1 |     2 |    18 |     9 |       ||    30
       Throwing net      |     1 |       |     1 |       |       ||     2
       Stone             |    44 |   103 |   210 |   258 |    53 ||   668
       Javelin           |       |     5 |     7 |     2 |       ||    14
       Dart              |       |       |     9 |     6 |     2 ||    17
       Boomerang         |       |       |       |    79 |       ||    79
Evoke: Wand              |       |       |     7 |    27 |     1 ||    35
  Use: Scroll            |       |     3 |    15 |    10 |     2 ||    30
       Potion            |       |       |       |     2 |     1 ||     3
 Stab: Sleeping          |       |     1 |       |       |       ||     1
       Distracted        |       |       |       |     4 |       ||     4
Armor: Robe              |    57 |    18 |    37 |    64 |    21 ||   197
Dodge: Dodged            |    47 |    33 |    84 |   227 |    33 ||   424
Block: Other             |       |       |       |       |    10 ||    10

Table legend: (Time is in decaauts)
 A = Elapsed time spent in this place.
 B = Non-inter-level travel time spent in this place.
 C = Inter-level travel time spent in this place.
 D = Time resting spent in this place.
 E = Time spent auto-exploring this place.
 F = Levels seen in this place.
 G = Mean time per level.
                   A        B        C        D        E       F      G
               +--------+--------+--------+--------+--------+-----+--------+
         Total |  14165 |  13576 |    589 |    414 |  10353 |  18 |  786.9 |
       Dungeon |   9275 |   8847 |    428 |    266 |   6563 |  12 |  772.9 |
        Temple |     83 |     69 |     14 |      0 |     58 |   1 |   83.0 |
          Lair |   4323 |   4176 |    147 |    148 |   3368 |   4 | 1080.8 |
         Sewer |    482 |    482 |      0 |      0 |    363 |   1 |  482.0 |
               +--------+--------+--------+--------+--------+-----+--------+

Top non-repeatable levels by time:
  Lair:4: 1423 daAuts
     D:4: 1225 daAuts
    D:10: 1150 daAuts
    D:11: 1079 daAuts
  Lair:3: 1042 daAuts
  Lair:2: 1013 daAuts
     D:6: 892 daAuts
     D:5: 865 daAuts
  Lair:1: 843 daAuts
     D:1: 828 daAuts
     D:8: 768 daAuts
     D:9: 726 daAuts
     D:2: 679 daAuts
     D:3: 616 daAuts
   Sewer: 482 daAuts
